cohdb
Replays
Latest Replays
All Replays
Popular Replays
Top Player Replays
Match Explorer
How It Works
Community
CoH3 Stats
Reddit
Sign in to upload your games and track your stats! →
Sign in with Steam
Match 46775976
Unlisted
Match 46775976
Overview
Messages
Build Orders
End
Kradschützen Motorcycle Team
Panzergrenadier Squad
Panzergrenadier Squad
250 Light Carrier
Panzergrenadier Squad
Construct Light Support Kompanie
MG34 Team
Fire Support Elements
Flakvierling Half-track
Panzerjäger Mechanized Group
2.5-tonne Medical Truck
Construct Mechanized Kompanie
Selects Armored Support Battlegroup
Selects Salvage Kits
Selects Veteran Gunners
Vehicle Survival Package
StuG III D Assault Gun
Marder III Tank Destroyer
Pak 38 Mechanized Group
Assault Grenadier Squad
Marder III Tank Destroyer
254 Reconnaissance Tractor
Emergency Repair Kits
Panzerpioneer Squad
Selects Panzer Storm
Selects Stuka Anti-tank Loiter
StuG III D Assault Gun
Marder III Tank Destroyer
Marder III Tank Destroyer
Stuka Anti-tank Loiter
Tungsten Core Ammunition
Panzer Storm
Stuka Anti-tank Loiter
I AM NOOB
DrinkAndDrank
Olg
rocketpossum
0
0
Comments
sign in to comment!
No comments posted yet!